 Dungeon Crawl Stone Soup version 0.31-a0-672-g7da72447bb (webtiles) character file.

Game seed: 10215066197384672497

664 arthad the Ruffian (level 7, 0/118 HPs)
             Began as a Red Draconian Shapeshifter on Sept 4, 2023.
             Was an Initiate of Makhleb.
             Succumbed to a killer bee's poison
             ... on level 4 of the Dungeon.
             The game lasted 00:07:46 (3973 turns).

arthad the Ruffian (Red Draconian Shapeshifter)     Turns: 3973, Time: 00:07:46

Health: 0/118      AC: 23    Str: 23    XL:     7   Next: 31%
Magic:  7/7        EV:  2    Int: 10    God:    Makhleb [......]
Gold:   112        SH:  0    Dex: 10    Spells: 6/6 levels left

rFire   . .          .
                       - Unarmed
rCold   . . .        (no shield)
rNeg    . . .        (body armour unavailable)
rPois   +            (helmet currently unavailable)
rElec   .            (cloak currently unavailable)
rCorr   .            (gloves currently unavailable)
SInv    .            (boots currently unavailable)
Will    .....        (no amulet) Stlth
                     e - +5 ring of evasion
HPRegen 0.39/turn    l - +6 ring of strength
MPRegen 0.10/turn

%: no passive effects
@: berserking, lethally poisoned (0 -> -2), short of breath, tree-form, very
quick
A: stationary, stasis, torment immunity, boosted hp, (breathe fire), AC +6,
unfitting armour, (fire resistance 1), (cold-blooded), frail 1, weak 1
a: Renounce Religion


You were on level 4 of the Dungeon.
You worshipped Makhleb.
Makhleb was noncommittal.
You were a tree.
You visited 2 branches of the dungeon, and saw 5 of its levels.

You collected 112 gold pieces.

Inventory:

Hand Weapons
 g - a +4 quarterstaff of chaos
Missiles
 r - 4 boomerangs
Armour
 j - a +0 cloak
Jewellery
 e - a +5 ring of evasion (left branch)
 l - a +6 ring of strength (right branch)
Talismans
 b - a beast talisman
 c - a flux talisman
 i - a flux talisman
Wands
 n - a wand of mindburst (21)
 t - a wand of charming (7)
Scrolls
 f - a scroll of enchant armour
 h - a scroll of teleportation
Potions
 d - 2 potions of enlightenment
 k - 2 potions of lignification
 m - 2 potions of brilliance


   Skills:
 * Level 4.0 Fighting
 * Level 3.7 Dodging
 + Level 2.6 Stealth
 * Level 4.7 Unarmed Combat
 * Level 4.5 Shapeshifting


You had 6 spell levels left.
You didn't know any spells.
Your spell library was empty.

Dungeon Overview and Level Annotations

Branches:
Dungeon (4/15)             Temple (1/1) D:4

Altars:
Cheibriados
Dithmenos
Elyvilon
Fedhas
Kikubaaqudgha
Makhleb
Nemelex Xobeh
Okawaru
Qazlal
Ru
Sif Muna
Vehumet
Wu Jian
Yredelemnul
Zin
The Shining One


Innate Abilities, Weirdness & Mutations

You are a tree.
Your roots penetrate the ground, keeping you stationary.
You cannot be teleported.
You are immune to unholy pain and torment.
Your maximum health is greatly increased.
Your equipment is partially melded.
((You can breathe blasts of fire.))
((Your fiery red scales are hard. (AC +6)))
You cannot fit into any form of body armour.
((Your flesh is heat resistant. (rF+)))
((You are cold-blooded and may be slowed by cold attacks.))
You are frail. (-10% HP)
You are weak. (Str -2)


Message History

The killer bee attacks as it pursues you!
The killer bee closely misses you.
The killer bee attacks as it pursues you!
The killer bee closely misses you. The killer bee misses you.
The killer bee stings you but does no damage.
* * * LOW HITPOINT WARNING * * *
You feel very sick.
Your transformation has ended.
You turn into a tree.
Your roots penetrate the ground.
You feel very sick. The killer bee stings you.
* * * LOW HITPOINT WARNING * * *
The killer bee stings you.
* * * LOW HITPOINT WARNING * * *
A red film seems to cover your vision as you go berserk!
You feel yourself moving faster!
You feel mighty!
You feel sick.
The killer bee stings you but does no damage. x2
You miss the killer bee.
The killer bee is heavily wounded.
You feel sick. The killer bee stings you.
* * * LOW HITPOINT WARNING * * *
You miss the killer bee.
The killer bee is heavily wounded.
The killer bee stings you but does no damage.
You barely miss the killer bee. Your punch misses the killer bee.
The killer bee is heavily wounded.
* * * LOW HITPOINT WARNING * * *
You feel sick. The killer bee barely misses you.
You closely miss the killer bee.
The killer bee is heavily wounded.
* * * LOW HITPOINT WARNING * * *
You feel sick.
The killer bee stings you but does no damage.
You closely miss the killer bee.
The killer bee is heavily wounded.
The killer bee stings you but does no damage.
You pummel the killer bee!!
You kill the killer bee!
Makhleb accepts your kill.
You die...

**************************,,,*~~~
~~~~~~~~~~~~~~~~~~~~~~~~~*****~~~
,~~~~~~~~~~~~~~~~~~~~~~~~~~~~~~~~
~~~~~~~~~~~~~~~~~~~~~~~~~~~~~~~~~
~~~~~,~~,,,,~~,~,~,,~~~~~~~,,~,~~
,,,,,,,,,,,,,,,,,,,,,,,,,,,,,,,,,
,,,,,,,...,,,,,,,,,,,,,,,,,,,,,,,
**,,,,,,...,,**###***************
********..*** #♣# #########.#*
##.# ##......##..###yy####
......#####..#yy#####
..##########.#.###### .##
######...###### ##
######..###...#*
############..##.....**
.......######......$.,*


You could see 4 killer bees.

Vanquished Creatures
  Sigmund (D:2)
  Menkaure (D:4)
  An ogre (D:2)
  2 killer bees (D:4)
  Crazy Yiuf (D:3)
  Ijyb (D:4)
  Natasha (thrice) (D:3)
  Robin (D:2)
  A gnoll (D:1)
  3 adders (D:2)
  A worm (D:2)
  A dart slug (D:1)
  3 orcs
  9 ball pythons
  5 bats
  12 endoplasms
  A giant cockroach (D:1)
  15 goblins
  9 hobgoblins
  2 quokkas (D:1)
  6 frilled lizards
  4 kobolds
  2 rats
85 creatures vanquished.

Notes
Turn   | Place    | Note
-------+----------+-------------------------------------------
     0 | D:1      | arthad the Draconian Shapeshifter began the quest for the
                  | Orb.
     0 | D:1      | Reached XP level 1. HP: 16/16 MP: 1/1
   103 | D:1      | Reached XP level 2. HP: 22/23 MP: 2/2
   406 | D:1      | Reached XP level 3. HP: 29/29 MP: 3/3
   672 | D:1      | Reached skill level 1 in Stealth
  1160 | D:2      | Noticed an ogre
  1168 | D:2      | Killed an ogre
  1169 | D:2      | Reached XP level 4. HP: 5/37 MP: 4/4
  1340 | D:2      | Reached XP level 5. HP: 42/42 MP: 5/5
  1705 | D:2      | Noticed Sigmund
  1712 | D:2      | Noticed Robin
  1731 | D:2      | Found a faded altar of an unknown god.
  1916 | D:2      | Killed Sigmund
  1917 | D:2      | Reached XP level 6. HP: 30/51 MP: 6/6
  2034 | D:2      | Killed Robin
  2653 | D:3      | Noticed Natasha
  2664 | D:3      | Killed Natasha
  2904 | D:3      | Noticed Natasha
  2922 | D:3      | Killed Natasha
  3157 | D:3      | Found a runed translucent door.
  3158 | D:3      | Noticed Crazy Yiuf
  3258 | D:3      | Noticed Natasha
  3265 | D:3      | Killed Natasha
  3553 | D:3      | Killed Crazy Yiuf
  3737 | D:4      | Noticed Ijyb
  3749 | D:4      | Killed Ijyb
  3850 | D:4      | Found a staircase to the Ecumenical Temple.
  3883 | D:4      | Your scales start taking on a fiery red colour.
  3883 | D:4      | Reached XP level 7. HP: 50/58 MP: 7/7
  3883 | D:4      | Gained mutation: Your flesh is heat resistant. (rF+) [Red
                  | Draconian growth]
  3888 | Temple   | Entered the Ecumenical Temple
  3914 | Temple   | Became a worshipper of Makhleb the Destroyer
  3948 | D:4      | Noticed Menkaure
  3951 | D:4      | Gained mutation: You occasionally lose the ability to read
                  | scrolls when taking damage. [potion of mutation]
  3951 | D:4      | Gained mutation: Your magical capacity is low. (-10% MP)
                  | [potion of mutation]
  3952 | D:4      | Lost mutation: You occasionally lose the ability to read
                  | scrolls when taking damage. [potion of mutation]
  3952 | D:4      | Lost mutation: Your magical capacity is low. (-10% MP)
                  | [potion of mutation]
  3952 | D:4      | Gained mutation: You are weak. (Str -2) [potion of
                  | mutation]
  3952 | D:4      | Gained mutation: You are frail. (-10% HP) [potion of
                  | mutation]
  3959 | D:4      | Killed Menkaure
  3968 | D:4      | HP: 2/118 [killer bee (4)]
  3973 | D:4      | Succumbed to a killer bee's poison

Illustrated notes

Levels and vault maps discovered:
D:1:      wander_arrival_fairy_ring, layout_basic
D:2:      layout_rooms, shapermc_ecumenical_altar_petra,
          serial_co_window_serial, co_window_of_opportunity_a,
          co_window_paths_b, co_window_of_opportunity_a, co_window_paths_b,
          co_window_corner_a, co_window_corner_a, co_window_of_opportunity_a,
          co_window_of_opportunity_b, co_window_broadway_b,
          co_window_of_opportunity_b, co_window_cross_3, co_window_corner_ca,
          co_window_corner_ca, co_window_of_opportunity_b, co_window_4corner_a,
          glass_columns_b, uniq_robin, uniq_sigmund
D:3:      layout_basic, grunt_decor_fettered, uniq_natasha,
          uniq_crazy_yiuf_cottage
D:4:      minmay_goblin_kobold_castle, layout_rooms, minmay_temple_entry_trees,
          uniq_ijyb, uniq_grinder, uniq_duvessa, uniq_menkaure
Temple:   nicolae_temple_bog_church

Skill      XL: |  1  2  3  4  5  6  7 |
---------------+----------------------+-----
Dodging        | 2 3 |  3.7
Stealth        | 1 2 |  2.6
Fighting       | 2 3 4 |  4.0
Unarmed Combat | 4 |  4.7
Shapeshifting  | 4 |  4.5

Action                     |  1- 3 |  4- 6 |  7- 9 || total
---------------------------+-------+-------+-------++-------
  Melee: Unarmed           |    66 |   154 |     8 ||   228
         Tailslap          |     5 |    10 |       ||    15
         Punch             |     1 |     7 |       ||     8
Ability: Breathe Fire      |       |       |     1 ||     1
    Use: Potion            |     1 |     2 |     5 ||     8
         Scroll            |       |     5 |     3 ||     8
   Stab: Sleeping          |     1 |     3 |       ||     4
 Armour: Skin              |    29 |    66 |    21 ||   116
  Dodge: Dodged            |    30 |   105 |    41 ||   176

Table legend: (Time is in decaauts)
 A = Elapsed time spent in this place.
 B = Non-inter-level travel time spent in this place.
 C = Inter-level travel time spent in this place.
 D = Time resting spent in this place.
 E = Time spent auto-exploring this place.
 F = Levels seen in this place.
 G = Mean time per level.
                   A        B        C        D        E       F      G
               +--------+--------+--------+--------+--------+-----+--------+
         Total |   3975 |   3836 |    139 |    187 |   3060 |   5 |  795.0 |
       Dungeon |   3925 |   3811 |    114 |    187 |   3060 |   4 |  981.2 |
        Temple |     50 |     25 |     25 |      0 |      0 |   1 |   50.0 |
               +--------+--------+--------+--------+--------+-----+--------+

Top non-repeatable levels by time:
     D:2: 1617 daAuts
     D:3: 1076 daAuts
     D:1: 943 daAuts
     D:4: 287 daAuts
  Temple: 50 daAuts
